 Dungeon Crawl Stone Soup version 0.29.0-4-gdea44cf6ec (webtiles) character file.

Game seed: 17457689498886697348

5915 xian the Thaumaturge (level 10, -2/74 HPs)
             Began as a Red Draconian Air Elementalist on Aug 28, 2022.
             Was a Believer of Vehumet.
             Slain by a tengu warrior
             ... wielding a +0 battleaxe
              (18 damage)
             ... on level 9 of the Dungeon.
             The game lasted 00:39:30 (11016 turns).

xian the Thaumaturge (DrAE)                        Turns: 11016, Time: 00:39:31

Health: -2/74      AC: 11    Str: 10    XL:     10   Next: 53%
Magic:  16/22      EV: 13    Int: 25    God:    Vehumet [**....]
Gold:   370        SH:  0    Dex: 13    Spells: 15/25 levels left

rFire   + . .      SeeInvis .   e - +1 short sword (holy)
rCold   . . .      Faith    .   (no shield)
rNeg    . . .      Spirit   .   (body armour unavailable)
rPois   .          Reflect  .   (helmet restricted)
rElec   .          Harm     .   z - +0 cloak
rCorr   .          Rampage  .   x - +0 pair of gloves
Will    .....                   l - +1 pair of boots {Stlth+}
Stlth   +++.......              j - amulet of the acrobat
HPRegen 0.22/turn               A - ring of wizardry
MPRegen 0.18/turn               p - +6 ring of intelligence

@: about to teleport, freezing walls
A: breathe fire, AC +7, unfitting armour, fire resistance 1, cold-blooded
a: Breathe Fire, Renounce Religion


You were on level 9 of the Dungeon.
You worshipped Vehumet.
Vehumet was pleased with you.
You visited 2 branches of the dungeon, and saw 10 of its levels.

You collected 370 gold pieces.

Inventory:

Hand Weapons
 e - a +1 short sword of holy wrath (weapon)
Missiles
 g - 4 throwing nets
 m - 21 poisoned darts
Armour
 l - a +1 pair of boots of stealth (worn)
 x - a +0 pair of gloves (worn)
 z - a +0 cloak (worn)
Jewellery
 j - an amulet of the acrobat (around neck)
 p - a +6 ring of intelligence (right hand)
 s - a +6 ring of strength
 w - a +4 ring of protection
 A - a ring of wizardry (left hand)
Wands
 t - a wand of roots (5)
 y - a wand of charming (18)
 I - a wand of polymorph (12)
Scrolls
 d - 2 scrolls of enchant armour {unknown}
 f - a scroll of amnesia {unknown}
 i - a scroll of teleportation
 k - a scroll of summoning
 q - 2 scrolls of poison {unknown}
 u - 2 scrolls of noise {unknown}
 C - a scroll of blinking {unknown}
 D - 2 scrolls of identify
 E - a scroll of magic mapping {unknown}
 F - a scroll of enchant weapon {unknown}
 K - a scroll of torment {unknown}
Potions
 a - a potion of magic
 b - 2 potions of flight {unknown}
 c - a potion of brilliance
 h - 2 potions of ambrosia
 n - 5 potions of attraction
 o - a potion of haste
 r - 2 potions of might
 v - 4 potions of mutation
 B - a potion of cancellation {unknown}
 H - a potion of invisibility {unknown}
 J - a potion of heal wounds {unknown}


   Skills:
 + Level 2.7 Fighting
 + Level 3.1 Short Blades
 + Level 3.8 Dodging
 + Level 3.5 Stealth
 + Level 8.3 Spellcasting
 + Level 6.5 Conjurations
 * Level 7.2 Fire Magic
 - Level 2.5 Ice Magic
 + Level 7.0 Air Magic


You had 15 spell levels left.
You knew the following spells:

 Your Spells              Type           Power      Damage    Failure   Level
a - Shock                 Conj/Air       100%       1d9       1%          1
b - Frozen Ramparts       Ice            46%        1d7       2%          3
c - Static Discharge      Conj/Air       44%        3-9/arc   1%          2
d - Hailstorm             Conj/Ice       33%        3d8       3%          4

Your spell library contained the following spells:

 Spells                   Type           Power      Damage    Failure   Level
 Foxfire                  Conj/Fire      100%       2x1d9     1%          1
 Freeze                   Ice            92%        1d10      1%          1
 Swiftness                Air            45%        N/A       1%          3
 Airstrike                Air            22%        2d(4-20)  1%          4
 Portal Projectile        Hex/Tloc       20%        N/A       7%          3
 Tukima's Dance           Hex            10%        N/A       7%          3
 Blade Hands              Tmut           5%         N/A       52%         5


Dungeon Overview and Level Annotations

Branches:
Dungeon (9/15)             Temple (1/1) D:5            Lair (0/5) D:8
    Orc: D:9-12

Altars:
Ashenzari
Cheibriados
Dithmenos
Elyvilon
Fedhas
Gozag
Hepliaklqana
Kikubaaqudgha
Makhleb
Nemelex Xobeh
Okawaru
Qazlal
Ru
Sif Muna
Trog
Vehumet
Xom
Yredelemnul
Zin
The Shining One

Annotations:
D:8 3 runed translucent doors, exclusion: oklob sapling, iguanaiguana's ghost, novice DjAM
D:9 1 runed translucent door


Innate Abilities, Weirdness & Mutations

You can breathe blasts of fire.
Your fiery red scales are hard. (AC +7)
You cannot fit into any form of body armour.
Your flesh is heat resistant. (rF+)
You are cold-blooded and may be slowed by cold attacks.


Message History

Press: ? - help, Shift-Dir - straight line, f - two-headed ogre, p - centaur
Aim: a two-headed ogre, wielding a +0 dire flail and a +0 giant spiked club (lightly wounded)
The roots erupt in riotous growth!
Roots grab the tengu warrior.
Roots grab the wizard.
Roots grab the two-headed ogre.
The grasping roots constrict the wizard.
The grasping roots constrict the tengu warrior.
The grasping roots constrict the two-headed ogre.
You hear a shout!
The wall freezes the centaur.
The wall freezes the tengu warrior.
The tengu warrior hits you with a +0 battleaxe!
* * * LOW HITPOINT WARNING * * *
The tengu warrior pecks you but does no damage.
The tengu warrior barely misses you.
The wall freezes the centaur.
The wall freezes the two-headed ogre!
The wall freezes the wizard.
As you read the scroll of teleportation, it crumbles to dust.
You feel strangely unstable.
The grasping roots constrict the wizard.
The grasping roots constrict the tengu warrior.
The grasping roots constrict the two-headed ogre!
The roots release their grip on the two-headed ogre.
The wall freezes the tengu warrior but does no damage.
The tengu warrior hits you with a +0 battleaxe!
* * * LOW HITPOINT WARNING * * *
The tengu warrior closely misses you.
The tengu warrior claws you but does no damage.
The wall freezes the centaur but does no damage.
The wall freezes the two-headed ogre.
The wall freezes the wizard but does no damage.
The wizard casts a spell.
The wizard struggles to blink free from constriction.
You feel better.
The grasping roots constrict the wizard!
The grasping roots constrict the tengu warrior.
The roots release their grip on the wizard.
The roots release their grip on the tengu warrior.
The wall freezes the centaur but does no damage.
The wall freezes the tengu warrior.
The tengu warrior hits you with a +0 battleaxe!!
You die...

.>..........# #..#
............# #..#
............# #..#
............# #..#
............# #<.#
............# #...
............# #...
###########'....# #..#
#....cOQ@..#....# #..#
#..###p###.#....######..#
. #.#.#.###......).....#
..##:##.#.............#
#+#..... ##.###.........#
# #.... #.. #.........#
.##... #.# #(........#
#... .. #.........#
#.........#


You could see a tengu warrior, a two-headed ogre, a wizard and a centaur.

Vanquished Creatures
  Pikel (D:6)
  Maggie (D:7)
  Prince Ribbit (D:6)
  A wyvern (D:8)
  A yak (D:8)
  Menkaure (D:5)
  5 water moccasins
  6 black bears
  A sky beast (D:8)
  An ice beast (D:6)
  An ogre (D:6)
  3 centaurs
  2 lemures (D:6)
  3 kobold brigands
  12 bullfrogs
  A gnoll sergeant (D:7)
  4 scorpions
  A necrophage (D:6)
  6 wights (D:8)
  6 killer bees (D:7)
  7 howler monkeys
  3 jellies
  6 hounds
  2 orc priests (D:6)
  A gnoll bouda (D:6)
  An iguana (D:5)
  2 orc wizards
  15 gnolls
  13 adders
  A shadow imp (D:7)
  2 white imps
  2 dart slugs
  15 orcs
  3 bats
  5 endoplasms
  3 giant cockroaches
  9 goblins
  2 hobgoblins
  15 kobolds
  2 quokkas
  11 ball pythons
  4 frilled lizards
  6 rats
188 creatures vanquished.

Vanquished Creatures (others)
  57 fungi
  65 plants
122 creatures vanquished.

Grand Total: 310 creatures vanquished

Notes
Turn   | Place    | Note
-------+----------+-------------------------------------------
     0 | D:1      | xian the Draconian Air Elementalist began the quest for the
                  | Orb.
     0 | D:1      | Reached XP level 1. HP: 14/14 MP: 3/3
   292 | D:1      | Reached XP level 2. HP: 6/20 MP: 1/5
  1679 | D:2      | Reached skill level 1 in Ice Magic
  1679 | D:2      | Reached XP level 3. HP: 26/26 MP: 2/6
  2794 | D:3      | Identified the +3 chain mail of the Great Game {rC+ Str+3
                  | Int-5}
  2912 | D:3      | Noticed an orc warrior
  2919 | D:3      | Learned a level 3 spell: Frozen Ramparts
  3570 | D:4      | Reached XP level 4. HP: 33/33 MP: 2/7
  3704 | D:4      | Noticed a bullfrog
  3741 | D:4      | Killed a bullfrog
  3742 | D:4      | Reached XP level 5. HP: 10/38 MP: 0/9
  4042 | D:4      | Reached skill level 3 in Spellcasting
  4048 | D:4      | Learned a level 2 spell: Static Discharge
  4138 | D:4      | Reached XP level 6. HP: 6/45 MP: 0/10
  5168 | D:5      | Entered Level 5 of the Dungeon
  5203 | D:5      | Reached skill level 1 in Short Blades
  5642 | D:5      | Found a staircase to the Ecumenical Temple.
  5672 | D:5      | Found a sparkling altar of Nemelex Xobeh.
  5679 | D:5      | Found a snail-covered altar of Cheibriados.
  5701 | D:5      | Your scales start taking on a fiery red colour.
  5701 | D:5      | Reached XP level 7. HP: 50/50 MP: 8/12
  5701 | D:5      | Gained mutation: Your flesh is heat resistant. (rF+) [Red
                  | Draconian growth]
  5704 | Temple   | Entered the Ecumenical Temple
  5790 | Temple   | Became a worshipper of Vehumet
  5849 | D:5      | Reached skill level 4 in Spellcasting
  5849 | D:5      | Reached skill level 1 in Fire Magic
  6508 | D:5      | Noticed Menkaure
  6518 | D:5      | Killed Menkaure
  6598 | D:6      | Found an iron altar of Okawaru.
  6645 | D:6      | Noticed Prince Ribbit
  6659 | D:6      | Killed Prince Ribbit
  6660 | D:6      | Reached XP level 8. HP: 46/58 MP: 6/15
  6723 | D:6      | Noticed Pikel
  6746 | D:6      | Killed Pikel
  6747 | D:6      | Reached skill level 1 in Fighting
  6747 | D:6      | Reached skill level 5 in Spellcasting
  6747 | D:6      | Reached skill level 5 in Air Magic
  7134 | D:6      | Found a basalt altar of Yredelemnul.
  7294 | D:6      | Learned a level 4 spell: Hailstorm
  7519 | D:6      | Reached XP level 9. HP: 60/67 MP: 10/17
  7633 | D:6      | Found a snail-covered altar of Cheibriados.
  7640 | D:6      | Reached skill level 6 in Spellcasting
  7876 | D:7      | Reached * piety under Vehumet
  7876 | D:7      | Offered knowledge of Sandblast by Vehumet.
  7877 | D:7      | Reached skill level 5 in Fire Magic
  8206 | D:7      | Found a blossoming altar of Fedhas.
  8223 | D:7      | Found a broken altar of Ashenzari.
  8283 | D:7      | Noticed Maggie
  8285 | D:7      | Reached skill level 5 in Conjurations
  8301 | D:7      | HP: 1/67 [killer bee (7)]
  8309 | D:7      | HP: 1/67 [/static electricity (3)]
  8789 | D:7      | Reached skill level 7 in Spellcasting
  9012 | D:7      | Killed Maggie
  9406 | D:8      | Found a runed translucent gate.
  9406 | D:8      | Found a runed translucent gate.
  9408 | D:8      | Found a runed translucent gate.
  9411 | D:8      | Noticed iguanaiguana's ghost (novice DjAM)
  9506 | D:8      | Reached XP level 10. HP: 65/73 MP: 12/21
  9518 | D:8      | Offered knowledge of Foxfire by Vehumet.
  9529 | D:8      | Reached ** piety under Vehumet
 10131 | D:8      | Reached skill level 8 in Spellcasting
 10440 | D:8      | Found a staircase to the Lair.
 11003 | D:9      | Noticed a tengu warrior
 11004 | D:9      | Noticed a wizard
 11007 | D:9      | Found a runed translucent door.
 11007 | D:9      | Noticed a two-headed ogre
 11016 | D:9      | Slain by a tengu warrior

Illustrated notes

Levels and vault maps discovered:
D:1:      arrival_zaba_pyramid, layout_basic
D:2:      layout_loops_cross, shapermc_ecumenical_altar_petra, serial_forest,
          infiniplex_forest_lined_3_way, infiniplex_forest_end_3,
          infiniplex_forest_zigzag_1, infiniplex_forest_end_2,
          infiniplex_forest_end_3, infiniplex_forest_clump_medium,
          infiniplex_forest_lined_1, minmay_heptomino_o4
D:3:      layout_basic
D:4:      nicolae_cairo_tiling_large_dashed, layout_loops_ring,
          amcnicky_mini_corridor_feature
D:5:      layout_basic, amethyst_overflow_temple_binary,
          minmay_temple_entry_hall, dreamdust_gnoll_farm, uniq_menkaure
D:6:      layout_basic, mainiacjoe_overflow_alcove_1, minmay_holes,
          hangedman_feature_mirror, uniq_prince_ribbit1, uniq_pikel
D:7:      layout_rooms, nicolae_overflow_hidden_temple,
          mainiacjoe_overflow_boulevard, uniq_maggie
D:8:      layout_loops_ring, due_lair_maze_entry_diamond,
          gammafunk_ghost_spectres, chequers_serial_rivers_large_a,
          corexii_corridor_pit, introduction_to_nature_2
D:9:      minmay_the_grid_triangle_9x9_rhombus_thin_mashed
          [minmay_the_grid_triangle_9x9_limited_checkers,
          minmay_the_grid_triangle_9x9_prize_special,
          minmay_the_grid_triangle_9x9_warning,
          minmay_the_grid_triangle_9x9_subtriangle], layout_long_grid,
          dreamdust_wishing_well
Temple:   nicolae_temple_superstar

Skill      XL: |  1  2  3  4  5  6  7  8  9 10 |
---------------+-------------------------------+-----
Stealth        | 2 3 |  3.5
Ice Magic      | 1 2 2 |  2.5
Dodging        | 2 3 |  3.8
Air Magic      | 4 5 6 7 |  7.0
Spellcasting   | 3 4 5 7 8 |  8.3
Conjurations   | 2 3 4 5 6 |  6.5
Short Blades   | 1 2 3 |  3.1
Fire Magic     | 2 4 6 7 |  7.2
Fighting       | 1 2 |  2.7

Action                   |  1- 3 |  4- 6 |  7- 9 | 10-12 || total
-------------------------+-------+-------+-------+-------++-------
Melee: Club              |     6 |       |       |       ||     6
       Tailslap          |    25 |     8 |     6 |     3 ||    42
       Short sword       |    93 |    41 |    43 |    15 ||   192
       Punch             |     1 |       |     1 |       ||     2
 Cast: Shock             |    90 |    54 |   109 |    52 ||   305
       Frozen Ramparts   |     1 |     7 |    14 |     5 ||    27
       Static Discharge  |       |     5 |    59 |    34 ||    98
       Hailstorm         |       |       |     1 |       ||     1
 Abil: Breathe Fire      |       |       |    10 |     9 ||    19
Evoke: Wand              |       |       |       |     2 ||     2
  Use: Scroll            |     1 |     3 |     6 |     1 ||    11
       Potion            |       |       |     2 |     1 ||     3
 Stab: Sleeping          |     1 |       |     1 |       ||     2
Armor: Skin              |     6 |    26 |    64 |    21 ||   117
Dodge: Dodged            |    26 |    78 |   130 |    42 ||   276
